 Dungeon Crawl Stone Soup version 0.27-b1-42-g19c61b19a5 (webtiles) character file.

Game seed: 18322145541462242580

142 vvl the Ducker (level 5, 0/36 HPs)
             Began as an Octopode Fighter on July 29, 2021.
             Slain by a gnoll (9 damage)
             ... on level 3 of the Dungeon.
             The game lasted 00:03:29 (1651 turns).

vvl the Ducker (Octopode Fighter)                   Turns: 1651, Time: 00:03:29

Health: 0/36       AC:  1    Str: 17    XL:     5   Next: 25%
Magic:  7/7        EV: 11    Int: 10    God:
Gold:   78         SH:  9    Dex: 11    Spells: 6/6 levels left

rFire    . . .     SeeInvis .   g - +0 short sword
rCold    . . .     Faith    .   a - +0 kite shield
rNeg     . . .     Spirit   .   (helmet restricted)
rPois    .         Reflect  .   (no amulet)
rElec    .         Harm     .   (no ring)
rCorr    .         Rampage  .   (no ring)
Will     .....                  (no ring)
Stlth    ++........             (no ring)
HPRegen  0.12/turn              (no ring)
MPRegen  0.10/turn              (no ring)
                                (no ring)
                                (no ring)

@: no status effects
A: almost no armour, amphibious, 8 rings, camouflage 1, gelatinous body 1,
(nimble swimmer 1), tentacles
a: no special abilities


You were on level 3 of the Dungeon.
You visited 1 branch of the dungeon, and saw 3 of its levels.

You collected 78 gold pieces.

Inventory:

Hand Weapons
 g - a +0 short sword (weapon)
Armour
 a - a +0 kite shield (worn)
Scrolls
 c - a scroll of teleportation {unknown}
 d - 3 scrolls of fear {unknown}
 f - a scroll of silence {unknown}
Potions
 b - a potion of attraction {unknown}


   Skills:
 + Level 3.6 Fighting
 + Level 3.6 Dodging
 + Level 3.6 Shields
 + Level 2.7 Unarmed Combat
 + Level 1.4 Spellcasting
 + Level 1.5 Transmutations


You had 6 spell levels left.
You didn't know any spells.
Your spell library contained the following spells:

 Spells                   Type           Power      Damage    Failure   Level
 Inner Flame              Hex/Fire       0%         N/A       99%         3
 Cause Fear               Hex            0%         N/A       100%        4
 Discord                  Hex            0%         N/A       100%        8


Dungeon Overview and Level Annotations

Branches:
Dungeon (3/15)

Altars:

Shops:
D:1 =


Innate Abilities, Weirdness & Mutations

You cannot wear most types of armour.
You are amphibious.
You can wear up to eight rings at the same time.
Your skin changes colour to match your surroundings (Stealth+).
Your rubbery body absorbs attacks. (AC +1, EV +1)
((You are camouflaged near water. (Stealth+)))
You have tentacles for arms and can constrict up to eight enemies at once.


Message History

You kill the gnoll!
The kobold closely misses you.
A gnoll comes into view. It is wielding a +0 halberd.
You closely miss the kobold. You grab the kobold. You squeeze the kobold.
You kill the kobold!
You barely miss the gnoll. Your grab misses the gnoll.
You squeeze the gnoll, but do no damage.
The gnoll hits you with a +0 club. You block the gnoll's attack.
You hit the gnoll but do no damage. You grab the gnoll.
Your squeeze misses the gnoll. You constrict the gnoll.
You block the gnoll's attack.
You hit the gnoll.
The gnoll is heavily wounded.
You constrict the gnoll. You block the gnoll's attack. x2
You hit the gnoll.
The gnoll is almost dead.
You constrict the gnoll.
You kill the gnoll!
The gnoll closely misses you. You block the gnoll's attack.
The gnoll hits you from afar with a +0 halberd.
The gnoll hits you with a +0 flail.
You barely miss the gnoll. Your grab misses the gnoll.
Your squeeze misses the gnoll. The gnoll hits you with a +0 flail!
The rat twitches its whiskers.
The rat twitches its whiskers.
There is a stone staircase leading down here.
You block the gnoll's attack.
You climb downwards.
A goblin comes into view. It is wielding a +0 dagger.
Found a scroll labelled PUIKHL LOGEL.
Found a stone staircase leading down.
There is a stone staircase leading up here.
The helpless goblin fails to defend itself.
You hit the goblin.
You kill the goblin!
The gnoll hits you with a +0 flail!
* * * LOW HITPOINT WARNING * * *
You hit the gnoll. Your grab misses the gnoll.
The gnoll is lightly wounded.
The gnoll closely misses you. The gnoll hits you with a +0 flail!
You die...

#. #. #.
#####. ...#.##
####....####.#
......g...>..#
#@# #)# #.#
#.# #.? ###


You could see a gnoll.

Vanquished Creatures
  A black bear (D:2)
  2 gnolls (D:2)
  A ball python (D:2)
  A bat (D:1)
  3 endoplasms
  A giant cockroach (D:2)
  6 goblins
  4 hobgoblins
  2 jackals (D:2)
  4 kobolds
  2 quokkas
  2 rats (D:1)
29 creatures vanquished.

Notes
Turn   | Place    | Note
-------+----------+-------------------------------------------
     0 | D:1      | vvl the Octopode Fighter began the quest for the Orb.
     0 | D:1      | Reached XP level 1. HP: 16/16 MP: 1/1
   108 | D:1      | Found Zuceim's Jewellery Shop.
   182 | D:1      | Reached XP level 2. HP: 12/21 MP: 2/2
   533 | D:1      | Found a faded altar of an unknown god.
   913 | D:2      | Reached XP level 3. HP: 16/26 MP: 3/3
  1089 | D:2      | Noticed a black bear
  1096 | D:2      | Killed a black bear
  1097 | D:2      | Reached skill level 1 in Spellcasting
  1097 | D:2      | Reached skill level 1 in Transmutations
  1097 | D:2      | Reached XP level 4. HP: 5/31 MP: 5/5
  1482 | D:2      | Reached XP level 5. HP: 36/36 MP: 6/6
  1651 | D:3      | Slain by a gnoll

Illustrated notes

Levels and vault maps discovered:
D:1:      pf_arrival_petrified_forest, layout_loops_ring,
          chequers_ecumenical_altar_twisty, serial_shops, shop,
          minmay_tiny_reverse_x
D:2:      layout_basic, uniq_jessica
D:3:      layout_loops_ring

Skill      XL: |  1  2  3 |
---------------+----------+-----
Spellcasting   | 1 |  1.4
Transmutations | 1 |  1.5
Fighting       | |  3.6
Dodging        | |  3.6
Shields        | |  3.6
Unarmed Combat | |  2.7

Action                   |  1- 3 |  4- 6 || total
-------------------------+-------+-------++-------
Melee: Unarmed           |    14 |       ||    14
       Constrict         |    11 |     6 ||    17
       Tentacles         |     6 |     4 ||    10
       Dagger            |    27 |       ||    27
       Punch             |     3 |     1 ||     4
       Short sword       |     8 |    16 ||    24
  Use: Potion            |     1 |       ||     1
 Stab: Sleeping          |     3 |     1 ||     4
Dodge: Dodged            |    16 |     4 ||    20
Block: Kite shield       |    24 |     8 ||    32
